 Dungeon Crawl Stone Soup version 0.28.0-53-g5a82cb258f (webtiles) character file.

Game seed: 790718654893743611

320 jjjjhere the Skirmisher (level 6, -1/52 HPs)
             Began as a Demonspawn Brigand on Aug 6, 2022.
             Was an Initiate of Gozag.
             Slain by a fire bat (4 damage)
             ... on level 5 of the Dungeon.
             The game lasted 00:07:18 (5382 turns).

jjjjhere the Skirmisher (Demonspawn Brigand)        Turns: 5382, Time: 00:07:18

Health: -1/52      AC: 10    Str: 11 (14) XL:     6   Next: 22%
Magic:  6/6        EV: 10    Int: 10 (12) God:    Gozag
Gold:   219        SH:  0    Dex: 19 (20) Spells: 5/5 levels left

rFire   + . .      SeeInvis .   a - +2 dagger
rCold   + . .      Faith    .   (no shield)
rNeg    . . .      Spirit   .   f - +0 ring mail
rPois   +          Reflect  .   i - +0 helmet
rElec   +          Harm     .   c - +0 cloak
rCorr   +          Rampage  .   b - +0 pair of gloves
Will    .....                   (no boots)
Stlth   ++........              (no amulet)
HPRegen 0.17/turn               e - ring "Raalua" {rElec Dex+6}
MPRegen 0.10/turn               (no ring)

@: mighty, resistant
A: yellow scales 1, demonic guardian 1
a: Renounce Religion, Potion Petition, Call Merchant, Bribe Branch


You were on level 5 of the Dungeon.
You worshipped Gozag.
Gozag was aware of your devotion.
You visited 1 branch of the dungeon, and saw 4 of its levels.

You collected 219 gold pieces.

Inventory:

Hand Weapons
 a - a +2 dagger (weapon)
 h - a +0 war axe
 k - a +0 flail
Missiles
 j - 6 poisoned darts (quivered)
Armour
 b - a +0 pair of gloves (worn)
 c - a +0 cloak (worn)
 f - a +0 ring mail (worn)
 i - a +0 helmet (worn)
Jewellery
 e - the ring "Raalua" (left hand) {rElec Dex+6}
   (You acquired it on level 5 of the Dungeon)

   [ring of dexterity]

   Dex:       It affects your dexterity (+6).
   rElec:     It insulates you from electricity.
Wands
 g - a wand of flame (18)
 m - a wand of polymorph (9)


   Skills:
 + Level 5.7 Fighting
 - Level 1.7 Short Blades
 + Level 2.7 Maces & Flails
 - Level 1.7 Throwing
 - Level 0.8 Dodging
 - Level 3.6 Stealth


You had 5 spell levels left.
You didn't know any spells.
Your spell library contained the following spells:

 Spells                   Type           Power      Damage    Failure   Level
 Corpse Rot               Necr/Air       0%         N/A       80%         2
 Poisonous Vapours        Pois/Air       0%         N/A       80%         2
 Conjure Flame            Conj/Fire      0%         6-21      95%         3
 Ignite Poison            Fire/Tmut/Pois 0%         N/A       95%         3
 Sticky Flame             Conj/Fire      0%         2d3       100%        4


Dungeon Overview and Level Annotations

Branches:
Dungeon (3/15)             Temple (0/1) D:5

Altars:
Cheibriados
Gozag
Trog
Beogh

Shops:
D:1 =

Annotations:
D:3 2 runed translucent doors, cbfl8's ghost, amateur MiBe


Innate Abilities, Weirdness & Mutations

You are partially covered in yellow scales. (AC +2)
A weak demonic guardian rushes to your aid.


Message History

There was something very wrong with that liquid.
You feel weakened.
You feel dopey.
You feel clumsy.
The fire bat bites you but does no damage.
The fire bat bites you.
You are engulfed in flames!
* * * LOW HITPOINT WARNING * * *
It was a potion of resistance.
You feel protected. The fire bat closely misses you.
The fire bat bites you but does no damage.
The gnoll hits you from afar with a +0 spear.
* * * LOW HITPOINT WARNING * * *
A demonic guardian appears!
The fire bat barely misses your quasit.
Okay, then.
It was a potion of might.
You feel very mighty all of a sudden. The fire bat closely misses you.
The fire bat bites your quasit but does no damage.
Your quasit bites the gnoll but does no damage.
Your quasit claws the gnoll but does no damage.
Your quasit barely misses the gnoll.
The gnoll misses you.
The fire bat bites you but does no damage.
Okay, then.
It was a potion of magic.
Magic courses through your body. The fire bat barely misses you.
Your quasit bites the gnoll.
Your quasit claws the gnoll but does no damage.
Your quasit claws the gnoll.
The gnoll hits you from afar with a +0 spear.
* * * LOW HITPOINT WARNING * * *
The fire bat misses your quasit.
Your quasit barely misses the gnoll.
Your quasit claws the gnoll.
Your quasit barely misses the gnoll.
The fire bat barely misses you.
You hit the fire bat.
The fire bat is moderately wounded.
The fire bat bites you but does no damage. x2
Your quasit barely misses the gnoll.
Your quasit claws the gnoll. x2
The fire bat bites you.
* * * LOW HITPOINT WARNING * * *
You are engulfed in flames.
You resist.
You die...
Your body crumbles into a pile of gold.

####.g#.##############
#. #######...# #.
......g...# #.
########..# ######.
#..######## #......
#..g.g...5# #......
########....####g#
#....≈≈ ........###.#
#b# #..≈≈≈≈ #######.#
#.# #@# #.≈≈≈≈≈ #.#
#.# #.# #.≈≈≈≈≈
#######.###.# #.#
#.≈≈≈≈≈ .........##.#
#.# #.≈≈≈≈≈
.######..##.# #.#
#..≈≈≈≈ .........##.##
#.# #....≈≈
.#######.##..###.###
#...... #...........#
#...... $
####......#.# #####.#


You could see a fire bat, a gnoll (ally target) and a friendly quasit
(summoned).

Vanquished Creatures
  An ogre (D:3)
  A phantom (D:5)
  3 gnolls (D:2)
  4 adders
  A white imp (D:5)
  An adder skeleton (D:3)
  3 worms (D:2)
  A dart slug (D:2)
  4 orcs
  5 bats
  10 endoplasms
  2 hobgoblins
  2 ball pythons
  A frilled lizard (D:2)
  2 goblins
  4 kobolds
  7 rats
52 creatures vanquished.

Vanquished Creatures (collateral kills)
  An orc priest (D:3)
  A dart slug (D:2)
  An orc (D:2)
  A bat (D:3)
4 creatures vanquished.

Vanquished Creatures (others)
  A wizard (D:3)
1 creature vanquished.

Grand Total: 57 creatures vanquished

Notes
Turn   | Place    | Note
-------+----------+-------------------------------------------
     0 | D:1      | jjjjhere the Demonspawn Brigand began the quest for the
                  | Orb.
     0 | D:1      | Reached XP level 1. HP: 16/16 MP: 1/1
   107 | D:1      | Found Omoacaw's Jewellery Emporium.
   679 | D:1      | Gained mutation: A weak demonic guardian rushes to your
                  | aid. [demonic ancestry]
   679 | D:1      | Reached XP level 2. HP: 23/23 MP: 2/2
  1120 | D:2      | Reached skill level 3 in Fighting
  1331 | D:2      | HP: 7/24 [gnoll/+0 club (8)]
  1335 | D:2      | HP: 2/24 [frilled lizard (3)]
  1633 | D:2      | Gained mutation: You are partially covered in yellow
                  | scales. (AC +2) [demonic ancestry]
  1633 | D:2      | Reached XP level 3. HP: 29/30 MP: 3/3
  1701 | D:2      | HP: 8/30 [worm (7)]
  2211 | D:1      | HP: 8/30 [poisoned by an adder]
  2216 | D:1      | HP: 9/30 [adder (3)]
  2219 | D:1      | Reached skill level 4 in Fighting
  2442 | D:2      | Reached XP level 4. HP: 32/38 MP: 4/4
  2610 | D:2      | Found a snail-covered altar of Cheibriados.
  2821 | D:2      | Found a faded altar of an unknown god.
  2846 | D:2      | Prayed at the altar of an unknown god.
  2846 | D:2      | Became a worshipper of Gozag Ym Sagoz the Greedy
  2959 | D:3      | Found a large runed translucent door.
  2959 | D:3      | Found a large runed translucent door.
  2964 | D:3      | Noticed cbfl8's ghost (amateur MiBe)
  2977 | D:3      | Found a bloodstained altar of Trog.
  2979 | D:3      | Noticed a wizard
  2984 | D:3      | Killed a wizard
  3609 | D:3      | HP: 11/38 [orc priest/divine providence (10)]
  4031 | D:1      | Reached skill level 1 in Maces & Flails
  4265 | D:3      | HP: 2/38 [orc priest/divine providence (14)]
  4266 | D:3      | Reached skill level 5 in Fighting
  4266 | D:3      | Reached XP level 5. HP: 2/44 MP: 5/5
  4662 | D:3      | Noticed an ogre
  4683 | D:3      | Killed an ogre
  4827 | D:3      | You fall into a shaft and drop 2 floors!
  4827 | D:5      | Entered Level 5 of the Dungeon
  4827 | D:5      | Noticed a sky beast
  4828 | D:5      | Identified a scroll of acquirement
  4828 | D:5      | Acquired the ring "Raalua" {rElec Dex+6}
  5030 | D:5      | Noticed a phantom
  5065 | D:5      | Killed a phantom
  5066 | D:5      | Reached XP level 6. HP: 43/52 MP: 6/6
  5230 | D:5      | Found a staircase to the Ecumenical Temple.
  5361 | D:5      | Paralysed by a gnoll for 6 turns
  5372 | D:5      | Noticed a fire bat
  5372 | D:5      | a sky beast changed into a fire bat
  5377 | D:5      | HP: 11/52 [fire bat (7)]
  5380 | D:5      | HP: 4/52 [gnoll/+0 spear (3)]
  5382 | D:5      | Slain by a fire bat

Illustrated notes

Levels and vault maps discovered:
D:1:      onia_arrival_mini_spirals, layout_loops_corners, serial_shops,
          nicolae_shop_stone, minivault_4
D:2:      layout_basic, basic_altar, hellmonk_ecumenical_altar_defaced_shrine
D:3:      wander_river, layout_basic, trog_wizard, ebering_ghost_disaster_area,
          serial_corexii_hall, corexii_hall_statues_l,
          chequers_hall_statues_corner_a, chequers_hall_statues_wall_a,
          kennysheep_generic_room_3
D:5:      layout_loops_ring, temple_pool_b, minmay_divided_ellipse

Skill      XL: |  1  2  3  4  5 |
---------------+----------------+-----
Fighting       | 3 4 5 |  5.7
Maces & Flails | 1 2 |  2.7
Short Blades   | |  1.7
Throwing       | |  1.7
Dodging        | |  0.8
Stealth        | |  3.6

Action                   |  1- 3 |  4- 6 || total
-------------------------+-------+-------++-------
Melee: Dagger            |    72 |   107 ||   179
       Punch             |     2 |     1 ||     3
Throw: Dart              |    20 |     8 ||    28
Evoke: Wand              |       |    10 ||    10
  Use: Potion            |     1 |     4 ||     5
       Scroll            |       |     4 ||     4
 Stab: Sleeping          |     4 |     4 ||     8
       Distracted        |     1 |       ||     1
Armor: Ring mail         |    42 |    51 ||    93
Dodge: Dodged            |    38 |    63 ||   101
